 Dungeon Crawl Stone Soup version 0.20-a0-1086-g4bd2f5b (webtiles) character file.

35 Monsterracer the Grave Robber (level 3, -2/26 HPs)
             Began as a Ghoul Necromancer on May 1, 2017.
             Slain by an adder (3 damage)
             ... on level 2 of the Dungeon.
             The game lasted 00:07:31 (1376 turns).

Monsterracer the Grave Robber (Ghoul Necromancer)   Turns: 1376, Time: 00:07:32

Health: -2/26      AC:  2    Str:  9 (11) XL:     3   Next: 33%
Magic:  0/5        EV: 12    Int: 10 (11) God:
Gold:   8          SH:  0    Dex:  9      Spells: 4/6 levels left

rFire    . . .     SeeInvis .     - Unarmed
rCold    + . .     Gourm    .   (no shield)
rNeg     + + +     Faith    .   a - +0 robe
rPois    ∞         Spirit   .   (no helmet)
rElec    .         Reflect  .   (no cloak)
rCorr    .         Harm     .   (no gloves)
MR       .....                  (no boots)
Stlth    ++........             (no amulet)
Regen    0.0/turn               (no ring)
MPRegen  0.1/turn               (no ring)

@: rotting
A: rotting body, claws 1, carnivore 3, cold resistance 1, negative energy
resistance 3, inhibited regeneration, torment resistance, unbreathing
a: no special abilities


You were on level 2 of the Dungeon.
You were not hungry.

You visited 1 branch of the dungeon, and saw 2 of its levels.

You collected 8 gold pieces.

Inventory:

Armour
 a - a +0 robe (worn)
Jewellery
 h - an uncursed ring of fire
Scrolls
 e - a scroll of remove curse {unknown}
 g - 2 scrolls of identify
Potions
 f - a potion of cancellation {unknown}
Books
 b - a book of Necromancy

   Spells                             Type                      Level
   a - Pain                           Necromancy                   1
   b - Animate Skeleton               Necromancy                   1
   c - Vampiric Draining              Necromancy                   3
   d - Regeneration                   Charms/Necromancy            3
   e - Animate Dead                   Necromancy                   4
   f - Control Undead                 Necromancy                   4
Comestibles
 c - a meat ration
 d - 2 royal jellies


   Skills:
 - Level 2.0 Dodging
 - Level 2.1 Stealth
 + Level 1.4 Unarmed Combat
 - Level 2.0 Spellcasting
 * Level 4.5 Necromancy


You had 4 spell levels left.
You knew the following spells:

 Your Spells              Type           Power        Failure   Level  Hunger
a - Pain                  Necr           ##..         4%          1    ##.....
b - Animate Skeleton      Necr           N/A          4%          1    ##.....


Dungeon Overview and Level Annotations

Branches:
Dungeon (2/15)

Altars:


Innate Abilities, Weirdness & Mutations

Your body is rotting away.
You thrive on raw meat.
You are immune to poison.
You have sharp fingernails.
You are carnivorous and can eat meat at any time.
Your flesh is cold resistant. (rC+)
You are immune to negative energy. (rN+++)
You do not regenerate when monsters are visible.
You are immune to unholy pain and torment.
You can survive without breathing.


Message History

You miss the adder.
The adder is almost dead.
The adder closely misses you.
You scratch the adder.
The adder is almost dead.
The adder completely misses you.
You completely miss the adder.
The adder is almost dead.
The adder barely misses you. The adder closely misses you.
You barely miss the adder.
The adder is almost dead.
The adder bites you.
* * * LOW HITPOINT WARNING * * *
Casting: Pain
Confirm with . or Enter, or press ? or * to list all spells.
Aiming: Pain
Press: ? - help, Shift-Dir - straight line, f/p - adder
Aim: an adder (almost dead, chance to defeat MR: 71%)
The adder struggles to resist.
The adder bites you.
You die...

.####.#####.#......#
....).......######.#
.#######...(..<....#
#.#########.# #.#
#.# #.# ###.# #.#
#...# #.# #.#.# #.#
##@#.# ..# #.S..#
### #..### #..# #..#
#..# ...# ##.# ..#


You could see an adder.

Vanquished Creatures
  A dart slug (D:1)
  A leopard gecko (D:1)
  4 giant cockroaches
  5 goblins (D:1)
  4 hobgoblins
  2 jackals (D:1)
  A kobold (D:1)
  5 bats
  2 frilled lizards (D:1)
  5 rats
30 creatures vanquished.

Notes
Turn   | Place    | Note
-------+----------+-------------------------------------------
     0 | D:1      | Monsterracer the Ghoul Necromancer began the quest for the Orb.
     0 | D:1      | Reached XP level 1. HP: 14/14 MP: 2/2
   216 | D:1      | Reached XP level 2. HP: 19/20 MP: 0/3
   310 | D:1      | Learned a level 1 spell: Animate Skeleton
   480 | D:1      | Reached skill level 1 in Unarmed Combat
   849 | D:1      | Reached XP level 3. HP: 26/26 MP: 2/5
  1375 | D:2      | HP: 1/26 [adder (1)]
  1376 | D:2      | Slain by an adder

Vault maps used:
D:1:      tarquinn_simple_flora_water_c

Skill      XL: |  1  2  3 |
---------------+----------+-----
Spellcasting   | 2 |  2.0
Unarmed Combat | 1 |  1.4
Dodging        | 2 |  2.0
Stealth        | |  2.1
Necromancy     | |  4.5

Action                   || total
-------------------------++-------
Melee: Unarmed           ||    58
 Cast: Pain              ||    55
  Use: Potion            ||     3
       Scroll            ||     1
  Eat: Chunk             ||     3
Armor: Robe              ||    20
Dodge: Dodged            ||    52
